Map: Triton LE

Players

TSGTYTY (TY)

  • Race: Terran Terran
  • League: Grandmaster
  • Spawn Location: 5:00

soO - Winner!

  • Race: Zerg Zerg
  • Spawn Location: 11:00

VOD

Have the link to the VOD?

Description

Time

  • Played on: Jan. 9, 2020, 8:17 a.m.
  • Length: 13:44
Show
View Real Time Build Order
Export as new Build Order

TSGTYTY Terran 

Build Orders: Reaper Expand 

Get SALT Encoding   

  12  0:00  SCV  
  13  0:12  SCV  
  14  0:19  Supply Depot  
  14  0:25  SCV  
  15  0:40  SCV  
  15  0:41  Barracks  
  16  0:44  Refinery  
  16  0:52  SCV  
  17  1:04  SCV  
  18  1:17  SCV  
  19  1:28  Reaper  
  19  1:29  Orbital Command  
  20  1:39  Command Center  
  20  1:53  Supply Depot  
  20  1:55  SCV  
  20  2:00  Marine  
  22  2:05  Factory  
  22  2:07  SCV  
  23  2:19  SCV  
  23  2:21  Barracks Reactor  
  24  2:32  SCV  
  25  2:43  Command Center  
  25  2:44  SCV  
  26  2:52  Orbital Command  
  27  3:01  Starport  
  27  3:03  SCV  
  27  3:06  Marine  
  27  3:07  Marine  
  29  3:13  Refinery  
  29  3:19  SCV  
  30  3:20  SCV  
  31  3:31  SCV, Hellion x2  
  31  3:32  SCV  
  37  3:34  Barracks Tech Lab  
  37  3:40  Viking  
  39  3:43  SCV  
  39  3:44  SCV  
  41  3:52  Hellion  
  43  3:56  SCV x2  
  43  3:57  Hellion  
  43  3:58  Orbital Command  
  47  4:08  SCV x2  
  47  4:09  Stimpack  
  44  4:18  Hellion  
  44  4:20  SCV  
  44  4:21  Hellion  
  49  4:24  SCV x2  
  49  4:28  Barracks  
  49  4:29  Barracks  
  49  4:31  Starport Reactor  
  51  4:33  SCV  
  51  4:36  SCV  
  51  4:37  SCV  
  51  4:38  Marine  
  54  4:45  SCV  
  56  4:47  Supply Depot  
  56  4:48  SCV  
  56  4:49  SCV  
  56  4:51  Factory Tech Lab  
  58  4:55  Refinery  
  58  4:56  Engineering Bay x2  
  58  4:57  SCV  
  59  5:00  SCV, Marine  
  59  5:01  Refinery  
  61  5:07  Orbital Command  
  61  5:09  Siege Tank  
  61  5:12  Supply Depot  
  61  5:13  SCV, Supply Depot  
  65  5:15  Starport Reactor  
  65  5:20  Marine  
  65  5:24  Barracks  
  65  5:25  Terran Infantry Weapons Level 1, Terran Infantry Armor Level 1  
  65  5:26  Barracks  
  65  5:27  Marine x2  
  67  5:29  Marine  
  67  5:30  Marine  
  70  5:35  SCV x2  
  70  5:36  SCV  
  70  5:38  Marine, Supply Depot  
  73  5:45  Siege Tank  
  73  5:47  SCV, Marine  
  73  5:48  SCV, Marine  
  73  5:49  Marine  
  81  5:50  Marine  
  82  5:57  Supply Depot  
  82  5:58  Medivac  
  82  6:00  Supply Depot, Medivac  
  87  6:05  Marine x2  
  87  6:06  SCV x2  
  87  6:07  Marine  
  87  6:08  Combat Shield  
  87  6:09  SCV  
  91  6:12  Barracks Reactor  
  91  6:13  Marine  
  93  6:19  SCV x2  
  93  6:22  Marine  
  93  6:23  Marine  
  93  6:24  Marine, Barracks Reactor  
  93  6:25  Marine, SCV  
  98  6:29  Armory  
  98  6:31  SCV, Supply Depot  
  98  6:32  Supply Depot  
  100  6:37  SCV  
  100  6:38  Missile Turret  
  100  6:39  Marine x2  
  101  6:41  Medivac, Widow Mine  
  101  6:45  Marine x2  
  109  6:51  Supply Depot x2  
  109  6:52  Marine, Medivac  
  111  6:56  Marine x2  
  111  6:57  Marine x2  
  109  7:05  Marine x3  
  109  7:06  SCV  
  109  7:08  SCV x2  
  106  7:12  Medivac  
  108  7:18  Marine x2, SCV  
  108  7:19  Marine  
  108  7:20  SCV x2, Marine  
  115  7:25  Marine x2  
  115  7:29  Terran Infantry Armor Level 2  
  117  7:35  Drilling Claws  
  117  7:36  Missile Turret  
  117  7:37  Marine x2  
  117  7:42  Missile Turret, Widow Mine  
  121  7:44  SCV  
  121  7:45  SCV x2  
  124  7:54  Marine x4  
  124  7:57  SCV x3  
  124  7:58  Marine x2  
  133  8:02  Terran Infantry Weapons Level 2  
  131  8:09  SCV  
  131  8:10  Widow Mine  
  131  8:12  Supply Depot  
  133  8:18  Factory, Terran Vehicle And Ship Armor Level 1  
  133  8:23  Supply Depot  
  133  8:24  Missile Turret, Supply Depot  
  136  8:34  SCV x3  
  136  8:35  Widow Mine  
  136  8:40  Refinery  
  138  8:42  Command Center  
  138  8:46  Marine x6, SCV x3  
  147  8:49  Missile Turret  
  149  8:58  Thor  
  149  8:59  Marine x2  
  149  9:00  Marine  
  149  9:02  Factory Reactor  
  156  9:04  SCV, Supply Depot  
  156  9:10  SCV, Supply Depot  
  157  9:21  Supply Depot  
  157  9:22  Supply Depot  
  157  9:25  SCV x2  
  157  9:27  Marine  
  157  9:30  Marine x2  
  162  9:33  SCV  
  162  9:36  Marine, Medivac x2  
  162  9:37  Marine x5  
  162  9:38  SCV  
  173  9:40  SCV  
  163  9:51  Widow Mine x2  
  163  9:52  Marine  
  144  9:53  Marine x2  
  144  9:58  Thor  
  150  10:02  Marine  
  150  10:03  Marine x5  
  156  10:10  Marine  
  151  10:17  SCV  
  151  10:18  SCV  
  151  10:19  Widow Mine x2  
  154  10:22  Marine x2  
  154  10:23  Marine  
  154  10:28  SCV  
  156  10:29  SCV, Planetary Fortress  
  156  10:30  Marauder  
  156  10:34  SCV  
  160  10:36  Terran Infantry Armor Level 3  
  160  10:38  Missile Turret  
  160  10:40  Marine x4, SCV, Thor  
  160  10:41  Marine  
  172  10:43  Marine  
  172  10:45  Widow Mine  
  172  10:48  Widow Mine  
  177  10:51  Missile Turret  
  177  10:57  Terran Infantry Weapons Level 3  
  177  10:58  Marine x3  
  177  10:59  Marine x2  
  182  11:04  Barracks  
  182  11:05  Missile Turret, Barracks  
  182  11:08  Supply Depot  
  180  11:18  Sensor Tower  
  180  11:19  Widow Mine x2  
  136  11:27  Marine x4  
  136  11:31  Marine x4  
  136  11:32  Marine  
  132  11:36  Widow Mine  
  116  11:43  Medivac  
  116  11:44  Medivac  
  116  11:45  Marine x4  
  104  11:47  SCV x3  
  104  11:49  Marine x3  
  104  11:50  Marine  
  95  11:56  Orbital Command  
  95  11:59  SCV x2  
  85  12:03  Marine x3  
  85  12:07  Marine  
  83  12:08  Marine x2  
  83  12:09  Marine  
  83  12:11  SCV  
  83  12:13  Medivac x2  
  85  12:16  SCV, Widow Mine x2  
  85  12:20  Marine x2  
  85  12:21  Marine  
  90  12:23  SCV x2  
  90  12:26  Missile Turret  
  90  12:29  Barracks Tech Lab  
  92  12:30  SCV  
  92  12:32  Marine x3  
  97  12:37  Sensor Tower  
  97  12:38  Marine x2  
  97  12:41  Marine, Marauder  
  97  12:42  SCV  
  97  12:43  Marine  
  103  12:49  Marine  
  103  12:50  Marine, Widow Mine x2  
  106  12:59  Marine x4  
  110  13:05  SCV  
  110  13:06  SCV x2  
  110  13:09  Marine x2  
  110  13:10  Marine x2  
  110  13:11  Marauder  
  110  13:12  Marauder  
  113  13:18  Marine x3  
Show
View Real Time Build Order
Export as new Build Order

soO Zerg - Winner!

Build Orders: Pool First, Muta Ling Bane 

Get SALT Encoding   

  12  0:00  Drone  
  13  0:12  Overlord  
  13  0:17  Drone  
  14  0:31  Drone x2  
  16  0:41  Spawning Pool  
  15  0:44  Drone  
  15  0:47  Drone  
  17  1:08  Hatchery  
  16  1:11  Drone  
  16  1:17  Extractor  
  16  1:18  Drone  
  16  1:20  Drone  
  18  1:28  Zergling x2  
  19  1:34  Queen  
  19  1:39  Overlord  
  21  1:49  Drone  
  22  2:00  Drone  
  23  2:09  Queen  
  23  2:13  Drone  
  26  2:21  Drone  
  27  2:24  Drone, Metabolic Boost  
  28  2:30  Hatchery  
  28  2:33  Drone  
  28  2:36  Drone  
  29  2:41  Drone  
  29  2:43  Drone x2  
  32  2:48  Overlord  
  32  2:53  Drone  
  32  2:58  Queen  
  35  3:00  Drone  
  36  3:11  Drone x2  
  38  3:16  Zergling x4  
  38  3:19  Zergling x6  
  43  3:24  Zergling x2  
  43  3:25  Overlord  
  44  3:31  Overlord  
  44  3:40  Overlord  
  44  3:41  Queen  
  44  3:44  Drone  
  44  3:45  Drone  
  44  3:47  Drone  
  49  3:50  Queen  
  49  3:52  Drone x2  
  53  3:57  Drone x2  
  54  4:07  Drone  
  54  4:08  Drone x3  
  54  4:09  Drone  
  56  4:11  Drone  
  56  4:12  Drone x2  
  56  4:16  Drone x2  
  58  4:18  Queen  
  60  4:25  Drone x2  
  60  4:29  Lair  
  60  4:31  Drone  
  63  4:32  Extractor  
  63  4:37  Drone  
  63  4:38  Drone x2  
  65  4:40  Baneling Nest  
  64  4:47  Zergling x8  
  64  4:52  Overlord  
  68  4:54  Overlord  
  68  4:55  Overlord  
  68  5:01  Overlord  
  68  5:02  Overlord  
  68  5:04  Extractor, Overlord  
  68  5:05  Extractor  
  66  5:08  Overlord  
  66  5:10  Drone x2  
  66  5:11  Drone x2  
  66  5:12  Drone  
  71  5:18  Drone x4  
  75  5:22  Drone  
  75  5:23  Spore Crawler, Extractor, Drone x2  
  75  5:24  Spore Crawler, Extractor, Drone  
  75  5:25  Spore Crawler  
  75  5:26  Drone  
  75  5:31  Drone x2  
  75  5:32  Drone x2  
  75  5:33  Drone, Centrifical Hooks  
  75  5:35  Evolution Chamber  
  78  5:36  Evolution Chamber  
  78  5:37  Drone  
  78  5:40  Drone  
  78  5:42  Spire  
  78  5:44  Drone x3  
  78  5:45  Drone  
  84  5:55  Drone  
  84  5:56  Zergling x10  
  90  6:00  Zergling x2  
  90  6:03  Hatchery, Zerg Melee Weapons Level 1, Zerg Ground Armor Level 1  
  90  6:06  Zergling x4  
  93  6:11  Zergling x8  
  93  6:15  Overlord  
  95  6:19  Overlord  
  95  6:23  Zergling x6  
  98  6:26  Overlord  
  98  6:29  Drone  
  98  6:32  Overlord  
  99  6:36  Baneling x3  
  99  6:39  Zergling x8  
  103  6:43  Zergling x2  
  103  6:44  Zergling x2  
  105  6:48  Zergling x2  
  106  6:54  Zergling x2  
  106  6:56  Mutalisk x2  
  106  7:00  Mutalisk x3  
  116  7:04  Mutalisk x4  
  116  7:07  Mutalisk  
  117  7:09  Hatchery  
  117  7:10  Zergling x2  
  116  7:19  Zergling x2, Mutalisk  
  116  7:20  Zergling x6  
  124  7:25  Zergling x2  
  125  7:36  Baneling  
  125  7:37  Zergling x4, Baneling x6  
  123  7:38  Zergling x12  
  131  7:51  Baneling x4  
  131  7:56  Zergling x12  
  137  8:03  Hatchery  
  136  8:08  Mutalisk x5  
  136  8:12  Zerg Flyer Weapons Level 1  
  146  8:13  Hatchery, Drone  
  146  8:14  Overlord x2  
  146  8:15  Overlord  
  146  8:17  Overlord  
  146  8:22  Drone x5  
  151  8:30  Mutalisk x2  
  151  8:32  Zerg Melee Weapons Level 2  
  151  8:37  Zerg Ground Armor Level 2  
  151  8:40  Zergling x16  
  159  8:49  Overlord  
  159  8:51  Drone x3  
  159  8:53  Zergling x2  
  159  8:55  Baneling x6  
  163  8:59  Mutalisk x2  
  167  9:04  Zergling x8  
  171  9:17  Drone x3  
  169  9:20  Zergling x22  
  181  9:25  Baneling x5  
  181  9:29  Zergling x14  
  186  9:44  Hatchery  
  162  9:56  Mutalisk x4  
  162  9:59  Mutalisk x2  
  160  10:01  Zergling x22  
  173  10:12  Mutalisk x4  
  171  10:16  Hatchery  
  171  10:17  Zergling x2  
  171  10:18  Zergling x8  
  168  10:25  Extractor, Baneling x10  
  168  10:26  Baneling  
  168  10:27  Zergling x8  
  171  10:32  Baneling x4  
  171  10:35  Baneling x2  
  171  10:36  Zergling x10  
  171  10:37  Zergling x6  
  179  10:48  Overseer  
  179  10:49  Overseer, Pneumatized Carapace  
  179  10:51  Zergling x12  
  185  11:00  Zergling x20  
  195  11:04  Hatchery  
  195  11:08  Baneling x9  
  195  11:09  Zergling x10  
  199  11:13  Baneling x5  
  195  11:21  Zergling x8  
  157  11:32  Mutalisk x2  
  147  11:33  Mutalisk x3  
  147  11:35  Zergling x28  
  161  11:41  Zergling x2  
  161  11:42  Zergling x10  
  154  11:49  Zergling x14  
  154  11:53  Zergling x6  
  154  11:54  Baneling x4  
  153  12:01  Mutalisk x3  
  153  12:20  Zergling x28, Hatchery  
  161  12:26  Baneling x6  
  161  12:29  Drone x3  
  164  12:31  Baneling x4  
  164  12:38  Overseer  
  164  12:45  Baneling x4  
  164  12:50  Zergling x24  
  176  12:54  Drone, Infestation Pit  
  176  12:55  Drone x4  
  180  13:02  Zergling x16  
  188  13:08  Zergling x8  
  188  13:10  Baneling x3  
  192  13:15  Baneling  
  192  13:16  Baneling x9  
  192  13:18  Baneling x7  
  192  13:19  Baneling x2  
  192  13:22  Zergling x4  
  189  13:27  Baneling x7  
Tags
 
Add a new tag
Caveats
  • Supply blocks, unpowered buildings, or Contaminate may cause inaccurate times.
  • Supply counts are checked every 10 seconds.